 Dungeon Crawl Stone Soup version 0.16-a0-3178-g2c88c44 (webtiles) character file.

11479 Malachi the Frost Mage (level 11, -4/77 HPs)
             Began as a Grey Draconian Ice Elementalist on Dec 16, 2014.
             Was a High Priest of Kikubaaqudgha.
             Shot with an arrow by a centaur warrior (8 damage)
             ... in a volcano.
             The game lasted 01:02:16 (16106 turns).

Malachi the Frost Mage (DrIE)                      Turns: 16106, Time: 01:02:16

Health: -4/77      AC: 13    Str: 11    XL:     11   Next: 49%
Magic:  14/29      EV: 14    Int: 27    God:    Kikubaaqudgha [*****.]
Gold:   560        SH:  0    Dex: 12    Spells: 4 memorised, 19 levels left

rFire  . . .     SeeInvis +     j - +0 rod of the swarm (0/15)
rCold  . . .     Clarity  .     (armour unavailable)
rNeg   . . .     SustAb   .     (no shield)
rPois  .         Gourm    .     (helmet restricted)
rElec  .         Spirit   .     (no cloak)
rCorr  .         Warding  .     T - +0 pair of gloves
rMut   .         Stasis   .     (no boots)
MR     .....                    (no amulet)
Stlth  ++........               n - ring of the Genius {Int+4 SInv}
                                B - +5 ring of intelligence

@: very slightly contaminated, not resistant to hostile enchantments, unstealthy
A: walk through water, unfitting armour, unbreathing, cold-blooded, AC +12
a: Receive Corpses, Torment, Renounce Religion


You were in a volcano.
You worshipped Kikubaaqudgha.
Kikubaaqudgha was extremely pleased with you.
You were very hungry.

You visited 2 branches of the dungeon, and saw 13 of its levels.
You also visited: Volcano.

You collected 560 gold pieces.

Inventory:

Hand weapons
 v - a +1 whip of electrocution
Armour
 T - a +0 pair of gloves (worn)
Magical staves
 U - an uncursed staff of energy
Rods
 j - a +0 rod of the swarm (0/15) (weapon)
   (You found it on level 2 of the Dungeon)
Jewellery
 d - an uncursed amulet of stasis
 h - an uncursed ring of ice
 n - the ring of the Genius (right hand) {Int+4 SInv}
   (You found it on level 4 of the Dungeon)

   [ring of see invisible]

   It affects your intelligence (+4).
   It enhances your eyesight.
 B - a +5 ring of intelligence (left hand)
 F - an uncursed ring of flight
 I - an uncursed ring of protection from magic
Magical devices
 y - a wand of fireball (3)
 O - a wand of fire (0)
Scrolls
 l - 5 scrolls of remove curse
 r - 2 scrolls of enchant weapon
 u - 2 scrolls of magic mapping
 E - a scroll of blinking
 H - 2 scrolls of enchant armour
Potions
 a - a potion of haste
 e - 3 potions of cancellation
 i - a potion of lignification
 k - 5 potions of curing
 t - 2 potions of poison {unknown}
 x - 2 potions of might {unknown}
 J - a potion of magic {unknown}
 K - a potion of resistance {unknown}
 M - 2 potions of flight {unknown}
 P - 2 potions of agility {unknown}
 Q - 2 potions of mutation {unknown}
Books
 b - a book of Frost

   Spells                             Type                      Level
   a - Freeze                         Ice                          1
   b - Throw Frost                    Conjuration/Ice              2
   c - Ozocubu's Armour               Charms/Ice                   3
   d - Throw Icicle                   Conjuration/Ice              4
   e - Summon Ice Beast               Ice/Summoning                4
   f - Condensation Shield            Ice                          4
 z - Kikubaaqudgha's Volume of Unholy Magic
   (Kikubaaqudgha gifted it to you on level 3 of the Dungeon)

   Spells                             Type                      Level
   a - Animate Skeleton               Necromancy                   1
   b - Corpse Rot                     Necromancy                   2
   c - Sublimation of Blood           Necromancy                   2
   d - Vampiric Draining              Necromancy                   3
   e - Control Undead                 Necromancy                   4
 C - Kikubaaqudgha's Catalogue of Evil Rites
   (Kikubaaqudgha gifted it to you on level 6 of the Dungeon)

   Spells                             Type                      Level
   a - Excruciating Wounds            Charms/Necromancy            5
   b - Agony                          Necromancy                   5
   c - Cigotuvi's Embrace             Necromancy                   5
   d - Dispel Undead                  Necromancy                   5
   e - Death Channel                  Necromancy                   6
Comestibles
 c - 7 bread rations
 g - 2 royal jellies
 s - 7 meat rations
 Y - 2 slices of pizza


   Skills:
 + Level 1.0 Fighting
   Level 0.2 Short Blades
 + Level 0.2 Maces & Flails
 + Level 5.1 Dodging
 + Level 3.2 Stealth
 + Level 9.9 Spellcasting
 + Level 3.8 Conjurations
 + Level 3.0 Summonings
 + Level 3.3 Necromancy
 + Level 12.2 Ice Magic
 + Level 1.9 Evocations


You had 19 spell levels left.
You knew the following spells:

 Your Spells              Type           Power        Failure   Level  Hunger
a - Freeze                Ice            ####         1%          1    None
b - Throw Icicle          Conj/Ice       ######..     1%          4    None
c - Animate Skeleton      Necr           N/A          1%          1    None
d - Summon Ice Beast      Ice/Summ       ######..     1%          4    None


Dungeon Overview and Level Annotations

Branches:
Dungeon (12/15)            Temple (0/1) D:7            Lair (1/8) D:11
    Orc: D:9-12

Altars:
Cheibriados
Dithmenos
Elyvilon
Kikubaaqudgha
Nemelex Xobeh
Okawaru
Zin
The Shining One

Shops:
D:8 !


Innate Abilities, Weirdness & Mutations

You can walk through water.
Your dull iron-grey scales are very hard (AC +12).
Your body does not fit into most forms of armour.
You can survive without breathing.
Your cold-blooded metabolism reacts poorly to cold.


Message History

The centaur warrior shoots an arrow.
The arrow hits your worker ant! The arrow burns your worker ant.
Your worker ant dies!
Your worker ant's corpse disappears in a puff of smoke!
Your worker ant barely misses the centaur warrior.
Evoke which item? (* to show all) (? for menu, Esc to quit)
Zapping:
O - a wand of fire {zapped: 6} (will waste charges)
Press: ? - help, Shift-Dir - straight line, f/p - centaur warrior
Aim: a centaur warrior, wielding a shortbow of flaming and wearing a robe of fire resistance (moderately wounded)
The bolt of fire hits the centaur warrior.
The centaur warrior resists.
The centaur warrior is moderately wounded.
Evoking this partially-identified wand wasted a few charges.
Your skill with magical items lets you calculate the power of this device...
This wand has 0 charges left.
The centaur warrior shoots an arrow.
The arrow hits you!!
* * * LOW HITPOINT WARNING * * *
The arrow burns you!
You die...
Kikubaaqudgha rasps: "You have failed me!
Welcome... death!"

. #(# §≈§.# #(# ≈§≈..# #c#
≈≈≈≈≈.# #c# ≈§§≈≈≈≈..# #(#
§≈§§§§§≈≈.# #(# §§§§≈§≈§..# #§#
≈§§§≈≈≈≈§.########c####### ≈
≈≈§§≈≈≈≈§.......@§a.......§ §§§≈
§§≈≈≈≈≈≈≈.≈.≈.≈bw≈≈≈≈.§.≈≈.≈≈§≈≈≈
≈≈≈§≈§≈..≈≈≈≈≈§§≈≈≈≈≈≈≈≈≈≈§§≈≈≈§§
≈≈≈≈≈..≈≈≈§≈≈§≈§§§≈≈≈≈§≈≈§§§§≈≈≈§
§≈≈..≈≈≈≈≈§§≈≈≈≈≈≈≈≈≈≈≈§≈≈§§§≈≈≈≈
≈≈§≈≈≈≈≈≈≈≈≈§.≈≈≈§≈≈§≈§≈≈≈≈§§≈≈§.
§§≈≈§≈≈≈≈≈.§.....≈≈≈§≈≈≈§§§≈§§§..
.§§.≈§§≈...........≈≈≈≈.≈..≈§§§..
..§.§§§§§........................


You could see a centaur warrior, a friendly worm and a friendly worker ant.

Vanquished Creatures
  A hill giant (D:11)
  A komodo dragon (D:11)
  A troll (D:10)
  A raven (D:9)
  A spriggan (D:9)
  2 wyverns
  A yak (D:11)
  A wraith (D:11)
  Eustachio (D:8)
  Edmund (D:8)
  A water moccasin (D:9)
  3 hippogriffs
  A black bear (D:8)
  5 sky beasts
  A porcupine (Lair:1)
  2 ice beasts (D:10)
  2 orc warriors
  8 centaurs
  2 ogres
  2 giant frogs
  3 scorpions
  11 jellies
  5 killer bees (D:7)
  3 wights (D:10)
  A hippogriff skeleton (D:11)
  9 crimson imps
  Dowan (D:8)
  A goliath beetle (D:7)
  3 hounds
  5 iguanas
  A centaur skeleton (D:11)
  2 orc priests
  8 worker ants
  4 orc wizards
  Ijyb (D:3)
  A hound zombie (D:5)
  A hound skeleton (D:11)
  12 gnolls
  10 adders
  3 shadow imps
  2 giant mites (D:3)
  5 worms
  An iguana skeleton (D:11)
  A giant gecko (D:1)
  An ooze (D:3)
  27 orcs
  3 giant cockroaches
  18 hobgoblins
  7 jackals
  3 quokkas
  16 bats
  4 giant newts
  16 goblins
  16 kobolds
  A kobold zombie (D:8)
  20 rats
  A ballistomycete (D:8)
265 creatures vanquished.

Vanquished Creatures (collateral kills)
  A centaur warrior (D:11)
  3 hill giants (D:11)
  An ugly thing (D:10)
  A cyclops (D:11)
  A centaur zombie (D:11)
  An orange crystal statue (D:10)
  A yaktaur (Volcano)
  2 trolls
  A wyvern (D:11)
  7 yaks (D:11)
  A fire bat (Volcano)
  A steam dragon (D:9)
  A hippogriff (D:8)
  A mottled dragon (D:11)
  An orc warrior (D:11)
  2 phantoms (D:4)
  A necrophage (D:11)
  An ice beast (D:7)
  4 ogres
  Duvessa (D:7)
  4 centaurs (D:11)
  A gnoll sergeant (D:7)
  A wyvern zombie (D:11)
  3 giant frogs
  4 jellies
  A scorpion (D:6)
  A killer bee (D:7)
  A crimson imp (D:8)
  A wight (D:10)
  A lava snake (Volcano)
  A gnoll shaman (D:6)
  A goliath beetle (D:11)
  2 quasits
  A giant frog skeleton (D:4)
  A hound (D:8)
  3 orc priests
  An iguana (D:4)
  6 orc wizards
  A worker ant (D:10)
  A hound zombie (D:9)
  A mummy (D:11)
  2 worker ant zombies (D:9)
  10 gnolls
  An adder (D:6)
  A shadow imp (D:9)
  A worm (D:4)
  An adder skeleton (D:5)
  14 orcs
  2 hobgoblins
  2 kobolds
  A quokka (D:9)
  A ball python zombie (D:5)
  A giant gecko skeleton (D:8)
  3 goblin skeletons (D:8)
  A goblin zombie (D:8)
  2 hobgoblin zombies (D:8)
  A jackal skeleton (D:5)
  A kobold skeleton (D:8)
  An orc zombie (D:8)
  4 ballistomycetes (D:8)
120 creatures vanquished.

Vanquished Creatures (others)
  15 ice beasts
  A hill giant skeleton (D:11)
  A raven skeleton (D:9)
  4 spiders
  A cyclops skeleton (D:11)
  2 scorpions (D:7)
  4 killer bees
  A yak skeleton (D:11)
  A giant frog skeleton (D:11)
  3 centaur skeletons (D:11)
  An orc wizard (D:9)
  6 worker ants
  2 ogre skeletons
  2 hound skeletons
  4 worms
  15 orc skeletons
  An adder skeleton (D:9)
  2 iguana skeletons
  4 bat skeletons
  6 gnoll skeletons
  A giant spore (D:8)
  A goblin skeleton (D:6)
  5 hobgoblin skeletons
  A jackal skeleton (D:10)
  2 rat skeletons
  A plant (D:11)
87 creatures vanquished.

Grand Total: 472 creatures vanquished

Notes
Turn   | Place    | Note
--------------------------------------------------------------
     0 | D:1      | Malachi, the Draconian Ice Elementalist, began the quest for the Orb.
     0 | D:1      | Reached XP level 1. HP: 14/14 MP: 3/3
   577 | D:1      | Reached XP level 2. HP: 20/20 MP: 2/4
  1326 | D:2      | Reached XP level 3. HP: 18/26 MP: 0/6
  1612 | D:2      | Reached skill level 4 in Ice Magic
  1732 | D:2      | Reached XP level 4. HP: 22/33 MP: 0/8
  2009 | D:2      | Found an ancient bone altar of Kikubaaqudgha.
  2190 | D:2      | Became a worshipper of Kikubaaqudgha
  2512 | D:3      | Noticed Ijyb
  2545 | D:3      | Killed Ijyb
  2855 | D:3      | Acquired Kikubaaqudgha's first power
  2855 | D:3      | Received a gift from Kikubaaqudgha
  2855 | D:3      | Reached XP level 5. HP: 39/39 MP: 8/10
  2858 | D:3      | Identified Kikubaaqudgha's Volume of Unholy Magic (Kikubaaqudgha gifted it to you on level 3 of the Dungeon)
  3066 | D:4      | Got a sparkling jade ring
  3078 | D:4      | Identified a -2 rod of the swarm (12/12) (You found it on level 2 of the Dungeon)
  3161 | D:4      | Reached skill level 5 in Ice Magic
  3181 | D:4      | Learned a level 1 spell: Animate Skeleton
  3301 | D:4      | Noticed a phantom
  3307 | D:4      | Killed a phantom
  3307 | D:4      | Reached XP level 6. HP: 46/46 MP: 13/13
  4094 | D:4      | Reached skill level 6 in Ice Magic
  4166 | D:4      | Your scales start taking on a dull iron-grey colour.
  4166 | D:4      | Gained mutation: You can survive without breathing. [draconian maturity]
  4166 | D:4      | Reached XP level 7. HP: 33/51 MP: 9/17
  4288 | D:4      | Reached skill level 1 in Evocations
  4395 | D:4      | Acquired Kikubaaqudgha's second power
  4406 | D:4      | Identified the ring of the Genius {Int+4 SInv} (You found it on level 4 of the Dungeon)
  4445 | D:4      | Found a shadowy altar of Dithmenos.
  4445 | D:4      | Noticed a phantom
  4494 | D:4      | Killed a phantom
  4856 | D:4      | Reached skill level 7 in Ice Magic
  4963 | D:5      | Entered Level 5 of the Dungeon
  4987 | D:5      | Learned a level 4 spell: Throw Icicle
  5132 | D:5      | Reached skill level 5 in Spellcasting
  5132 | D:5      | Reached XP level 8. HP: 48/58 MP: 7/20
  6099 | D:5      | Reached skill level 8 in Ice Magic
  6122 | D:5      | Found a sparkling altar of Nemelex Xobeh.
  6828 | D:6      | Found an iron altar of Okawaru.
  6833 | D:6      | Reached skill level 1 in Necromancy
  6883 | D:6      | Received a gift from Kikubaaqudgha
  6886 | D:6      | Identified Kikubaaqudgha's Catalogue of Evil Rites (Kikubaaqudgha gifted it to you on level 6 of the Dungeon)
  7429 | D:7      | Found a staircase to the Ecumenical Temple.
  7436 | D:7      | Reached XP level 9. HP: 53/63 MP: 20/23
  7440 | D:7      | Reached skill level 9 in Ice Magic
  7802 | D:7      | Found a glowing silver altar of Zin.
  8342 | D:7      | Acquired Kikubaaqudgha's third power
  8474 | D:7      | Found a snail-covered altar of Cheibriados.
  8526 | D:8      | Noticed Duvessa
  8526 | D:8      | Noticed Dowan
  8527 | D:8      | Killed Dowan
  8538 | D:7      | Killed Duvessa
  8775 | D:8      | Reached skill level 10 in Ice Magic
  8916 | D:8      | Found Gridu's Distillery.
  8992 | D:8      | Noticed Edmund
  9002 | D:8      | Killed Edmund
  9485 | D:8      | Found a glowing golden altar of the Shining One.
  9587 | D:8      | Noticed Eustachio
  9599 | D:8      | Killed Eustachio
 10312 | D:9      | Found a white marble altar of Elyvilon.
 10344 | D:9      | Reached XP level 10. HP: 70/70 MP: 17/25
 11151 | D:9      | Reached skill level 11 in Ice Magic
 11669 | D:9      | Learned a level 4 spell: Summon Ice Beast
 11670 | D:10     | Entered Level 10 of the Dungeon
 12194 | D:10     | Reached skill level 1 in Summonings
 12515 | D:10     | Acquired Kikubaaqudgha's fourth power
 12782 | D:11     | Noticed a red ugly thing
 12784 | D:11     | Noticed a hill giant
 12804 | D:10     | Killed a red ugly thing
 13090 | D:11     | Noticed a centaur warrior
 13316 | D:11     | Killed a hill giant
 13373 | D:11     | Noticed a hill giant
 13385 | D:11     | Killed a hill giant
 13781 | D:11     | Killed a centaur warrior
 13781 | D:11     | Reached XP level 11. HP: 24/75 MP: 12/28
 13783 | D:11     | Noticed a hill giant
 14149 | D:11     | Noticed a cyclops
 14164 | D:11     | Killed a cyclops
 14559 | D:11     | Noticed a hill giant
 14564 | D:11     | Killed a hill giant
 14564 | D:11     | Reached skill level 12 in Ice Magic
 14741 | D:11     | Killed a hill giant
 14741 | D:11     | Reached skill level 5 in Dodging
 14949 | D:11     | Reached skill level 1 in Fighting
 15043 | D:11     | Found a staircase to the Lair.
 15365 | Lair:1   | Entered Level 1 of the Lair of Beasts
 15478 | Lair:1   | Found a dark tunnel.
 15489 | Volcano  | Entered a volcano
 16070 | Volcano  | Found a radiant altar of Vehumet.
 16070 | Volcano  | Noticed a centaur warrior
 16106 | Volcano  | Shot with an arrow by a centaur warrior

Action                   |  1- 3 |  4- 6 |  7- 9 | 10-12 || total
-------------------------+-------+-------+-------+-------++-------
Melee: Unarmed           |     1 |       |       |       ||     1
       Short sword       |    14 |    33 |    21 |       ||    68
       Whip              |       |       |    18 |     7 ||    25
       Rod               |       |       |     2 |       ||     2
       Staff             |       |       |       |     6 ||     6
 Cast: Freeze            |    60 |   112 |   225 |   116 ||   513
       Animate Skeleton  |       |     1 |    40 |    40 ||    81
       Throw Icicle      |       |       |    30 |    71 ||   101
       Summon Ice Beast  |       |       |       |    36 ||    36
Evoke: Rod               |       |    11 |    28 |     9 ||    48
       Wand              |       |       |       |     4 ||     4
  Use: Scroll            |     2 |     7 |     5 |    11 ||    25
       Potion            |       |     2 |       |     3 ||     5
 Stab: Sleeping          |       |     2 |       |       ||     2
  Eat: Chunk             |     3 |    10 |    25 |     4 ||    42
       Beef jerky        |       |     1 |     1 |       ||     2
       Fruit             |       |       |     4 |     4 ||     8
       Pizza             |       |       |     1 |     1 ||     2
       Meat ration       |       |       |     1 |       ||     1
       Bread ration      |       |       |       |     2 ||     2
